 Dungeon Sprint DCSS version 0.20.1-1-g8b1a95d (console) character file.

56 hilaritas the Basher (level 6, -2/40 HPs)
             Began as a Gargoyle Fighter on Aug 23, 2017.
             Was a Follower of Uskayaw.
             Slain by a tyrant leech (22 damage)
             ... in the Dungeon (Sprint VI: "Thunderdome").
             The game lasted 00:04:48 (364 turns).

hilaritas the Basher (Gargoyle Fighter)              Turns: 364, Time: 00:04:49

Health: -2/40      AC: 11    Str: 22    XL:     6   Next: 36%
Magic:  6/10       EV:  8    Int:  8    God:    Uskayaw [*.....]
Gold:   40         SH: 11    Dex:  9    Spells: 5/5 levels left

rFire    . . .     SeeInvis .   a - +0 flail
rCold    . . .     Gourm    .   c - +0 shield
rNeg     + + +     Faith    .   b - +0 scale mail
rPois    ∞         Spirit   .   (no helmet)
rElec    +         Reflect  .   (no cloak)
rCorr    .         Harm     .   (no gloves)
MR       .....     NoTele   +   (no boots)
Stlth    ..........             (no amulet)
Regen    0.2/turn               q - ring "Xyboneom" {rPois rN+}
MPRegen  0.2/turn               s - ring of Secrets {+Fly rN+}

@: no status effects
A: negative energy resistance 1, electricity resistance, unbreathing,
petrification resistance, rot immunity, AC +4
a: Stomp, Renounce Religion, Evoke Flight


You were in the Dungeon.
You worshipped Uskayaw.
Uskayaw was noncommittal.
You were not hungry.

You visited 1 branch You collected 280 gold pieces.
You spent 240 gold pieces at shops.

Inventory:

Hand Weapons
 a - a +0 flail (weapon)
Armour
 b - a +0 scale mail (worn)
 c - a +0 shield (worn)
Jewellery
 q - the ring "Xyboneom" (left hand) {rPois rN+}
   (You bought it in a shop in the Dungeon)

   [ring of poison resistance]

   It protects you from poison.
   It protects you from negative energy.
 s - the ring of Secrets (right hand) {+Fly rN+}
   (You bought it in a shop in the Dungeon)

   [ring of flight]

   It protects you from negative energy.
   It lets you fly.
Wands
 l - a wand of acid (4/15)
 m - a wand of iceblast (5/15)
Scrolls
 k - 4 scrolls of blinking
 n - 3 scrolls of fog
 p - a scroll of identify
Potions
 d - a potion of might
 e - a potion of curing
 g - 4 potions of heal wounds
 h - 4 potions of haste
 i - 2 potions of magic
 j - a potion of berserk rage
 o - a potion of resistance
Comestibles
 f - a bread ration
 r - 2 chunks of flesh


   Skills:
 - Level 4.9 Fighting
 * Level 9.0 Maces & Flails
 - Level 4.8 Armour
 + Level 7.6 Shields
 * Level 5.5 Invocations


You had 5 spell levels left.
You didn't know any spells.

Dungeon Overview and Level Annotations

Branches:
Dungeon (1/1)

Altars:
Cheibriados
Dithmenos
Fedhas
Gozag
Kikubaaqudgha
Makhleb
Okawaru
Qazlal
Ru
Sif Muna
Trog
Uskayaw
Vehumet
Xom
Yredelemnul
Zin
The Shining One
Beogh
Jiyva
Lugonu

Shops:
D *[%??*?*:[((!!!!


Innate Abilities, Weirdness & Mutations

You are resistant to torment.
Your stone body is resilient. (AC +4)
You are immune to poison.
You resist negative energy. (rN+)
You are resistant to electric shocks. (rElec)
You can survive without breathing.
You are immune to petrification.
You are immune to rotting.


Message History

The tyrant leech appears confused.
You feel somewhat more hungry.
You can no longer pass through a line of other dancers.
Some of the chunks of flesh in your inventory have rotted away.
You hit the tyrant leech.
The tyrant leech is moderately wounded.
The tyrant leech seems less confused.
The tyrant leech bites you.
You barely miss the tyrant leech.
The tyrant leech is moderately wounded.
You block the tyrant leech's attack.
You closely miss the tyrant leech.
The tyrant leech is moderately wounded.
The tyrant leech bites you but does no damage.
You miss the tyrant leech.
The tyrant leech is moderately wounded.
The tyrant leech bites you.
You hit the tyrant leech.
The tyrant leech is moderately wounded.
The tyrant leech bites you!!
Ouch! That really hurt!
You die...

#⌠...........⌠#
######.8.........8.######
##∩_._......###......___∩#
###∩........8.# #.8........∩
##.............###...........
#⌠..........###...###........
#⌠..........# #.<.# #.†......
#⌠..........###...###........
##..........@w.###...........
###∩........8.# #.8........∩
##∩.__......###......___∩#
######.8.........8.######
#⌠...........⌠#
###.........### #........_#
#_......._# #_......._#


You could see a tyrant leech.

Vanquished Creatures
  A bullfrog (D)
  3 scorpions (D)
  2 jellies (D)
  4 oozes (D)
  2 worms (D)
  A giant cockroach (D)
13 creatures vanquished.

Notes
Turn   | Place    | Note
-------+----------+-------------------------------------------
     0 | D        | hilaritas the Gargoyle Fighter began the quest for the Orb.
     0 | D        | Reached XP level 1. HP: 14/14 MP: 1/1
     0 | D        | Found a roughly hewn altar of Beogh.
     0 | D        | Found a snail-covered altar of Cheibriados.
     1 | D        | Found a bloodstained altar of Trog.
     1 | D        | Found a stormy altar of Qazlal.
     2 | D        | Found a basalt altar of Yredelemnul.
     2 | D        | Found a shadowy altar of Dithmenos.
     3 | D        | Found Duiresir's Do-It-Yourself Clinic.
     3 | D        | Found a sacrificial altar of Ru.
     3 | D        | Found a burning altar of Makhleb.
     3 | D        | Found Vilimp's Distillery.
     4 | D        | Found Cir Jir's Bottled Wisdom.
     4 | D        | Found Fitaamam's Distillery.
     5 | D        | Found a glowing golden altar of the Shining One.
     5 | D        | Round 1.
     6 | D        | Found Aniovvy's Weapon Rack.
     7 | D        | Found a shimmering altar of Xom.
     7 | D        | Found an iron altar of Okawaru.
     7 | D        | Found Meaggal's Premium Goods.
     7 | D        | Found Anuocuca's Basic Armour.
     7 | D        | Found Jezaluog's Miscellaneous Merchandise.
    10 | D        | Noticed a jelly
    11 | D        | Found a hide-covered altar of Uskayaw.
    12 | D        | Found an ancient bone altar of Kikubaaqudgha.
    17 | D        | Killed a jelly
    17 | D        | Reached XP level 2. HP: 13/20 MP: 2/2
    17 | D        | Reached XP level 3. HP: 17/25 MP: 3/3
    18 | D        | Reached skill level 5 in Shields
    19 | D        | Found Fileucs's Identification Station.
    20 | D        | Found Moleidul's Advanced Armour.
    20 | D        | Found Veacvuh's Jewellery.
    20 | D        | Found an opulent altar of Gozag.
    20 | D        | Found a deep blue altar of Sif Muna.
    20 | D        | Found Syranips's Bee Food.
    24 | D        | Became a worshipper of Uskayaw the Reveler
    32 | D        | Found a radiant altar of Vehumet.
    36 | D        | Reached skill level 3 in Maces & Flails
    36 | D        | Reached * piety under Uskayaw
    48 | D        | Reached XP level 4. HP: 19/30 MP: 3/5
    48 | D        | Reached ** piety under Uskayaw
    58 | D        | Reached skill level 4 in Maces & Flails
    59 | D        | Bought 3 scrolls of identify for 150 gold pieces
    65 | D        | Found a viscous altar of Jiyva.
    66 | D        | Found Elioprod's Magic Scroll Shop.
    67 | D        | Found Zuvy's Magic Scroll Shop.
    67 | D        | Found Misk's Must-Have Magic.
    68 | D        | Found a blossoming altar of Fedhas.
    68 | D        | Found a glowing silver altar of Zin.
    68 | D        | Found a corrupted altar of Lugonu.
    68 | D        | Found Arphaegit's Staff Store.
    77 | D        | Arena points: 14 (+14) [x2]
   106 | D        | Bought a scorched lapis lazuli ring for 45 gold pieces
   123 | D        | Round 2.
   162 | D        | Reached skill level 5 in Maces & Flails
   162 | D        | Reached XP level 5. HP: 28/34 MP: 6/8
   214 | D        | Reached skill level 7 in Maces & Flails
   254 | D        | Reached *** piety under Uskayaw
   255 | D        | Arena points: 56 (+42) [x3]
   255 | D        | Reached skill level 8 in Maces & Flails
   255 | D        | Reached skill level 5 in Invocations
   255 | D        | Reached XP level 6. HP: 24/40 MP: 9/9
   259 | D        | Identified the ring "Xyboneom" {rPois rN+} (You bought it in a shop in the Dungeon)
   274 | D        | Bought a brightly glowing lead ring for 45 gold pieces
   274 | D        | Identified the ring of Secrets {+Fly rN+} (You bought it in a shop in the Dungeon)
   320 | D        | Round 3.
   350 | D        | Reached skill level 9 in Maces & Flails
   351 | D        | Noticed a tyrant leech
   364 | D        | Slain by a tyrant leech

Skill      XL: |  1  2  3  4  5  6 |
---------------+-------------------+-----
Fighting       | 4 |  4.9
Armour         | 4 |  4.8
Shields        | 4 5 6 7 |  7.6
Maces & Flails | 3 5 8 9 |  9.0
Invocations    | 2 4 5 |  5.5

Action                   |  1- 3 |  4- 6 || total
-------------------------+-------+-------++-------
Melee: Flail             |     9 |    52 ||    61
Invok: Line Pass         |       |     1 ||     1
Evoke: Wand              |       |     1 ||     1
  Use: Scroll            |       |     2 ||     2
 Stab: Paralysed         |       |     1 ||     1
Armor: Scale mail        |     4 |    13 ||    17
Dodge: Dodged            |     3 |     5 ||     8
Block: Shield            |     4 |    18 ||    22
